Crunch vs Eagles
(R1)
Created - October 16, 2023 at 19:13
Goals
|
Crunch |
0 |
1 |
1 |
1 |
3 |
Eagles |
0 |
1 |
1 |
0 |
2 |
|
Shots
|
Crunch |
6 |
17 |
10 |
3 |
36 |
Eagles |
9 |
16 |
9 |
0 |
34 |
|
1st period
No Goal
Penalties :
Anatoli Golyshev (Syr) for Hooking (Minor) at 2:29, Zach Aston-Reese (Col) for High sticking (Double Minor) at 10:56
2nd period
1. Eagles , Ryan Murphy 1 (Keaton Middleton 1, Matteson Iacopelli 2) at 5:35
2. Crunch , Ty Dellandrea 1 (Anatoli Golyshev 1, Ryan Lindgren 1) at 10:35
Penalties :
Maxime Comtois (Syr) for Roughing (Minor) at 11:19, Michael Carcone (Col) for Hooking (Minor) at 15:58, Tyler Motte (Col) for Slashing (Double Minor) at 19:33
3rd period
3. Crunch , Cam Hillis 1 (Liam Foudy 1, Kaapo Kahkonen) at 5:50
4. Eagles , Joseph Blandisi 2 (Anthony Duclair 2, Jonathan Racine 1) at 19:37
Penalties :
Brandon Biro (Syr) for Interference (Minor) at 9:56, Joseph Blandisi (Col) for Tripping (Minor) at 17:15
Overtime #1
5. Crunch , Robert Thomas 2 (Dalton Thrower 1) at 0:14
Penalties :
No Penalty
Goalie Stats
Kaapo Kahkonen (Syr), 32 saves from 34 shots - (0.941), W, 1-1-1, 60:14 minutes
Adin Hill (Col), 33 saves from 36 shots - (0.917), OTL, 0-0-2, 60:00 minutes
Players Stats for Crunch
Player Name G A P +/- PIM S H SB GA TA FO MP PP MP PK MP
------------------------------------------------------------------------------------
Anatoli Golyshev 0 1 1 0 2 1 0 1 1 0 0/0 14:18 1:02 1:19
Axel Holmstrom 0 0 0 1 0 5 0 1 1 0 10/24 21:17 5:50 2:13
Brandon Biro 0 0 0 0 2 3 0 0 0 1 0/0 9:17 1:13 0:38
Brandon Hagel 0 0 0 2 0 1 4 1 0 0 1/2 21:33 5:55 2:15
Cam Hillis 1 0 1 0 0 1 0 0 0 0 1/5 6:35 0:00 0:14
Connor Bunnaman 0 0 0 -1 0 2 0 0 0 0 5/10 17:30 4:47 1:53
Dalton Thrower 0 1 1 1 0 2 1 0 0 1 0/0 26:49 5:32 2:55
Gustav Lindstrom 0 0 0 -1 0 1 2 0 0 0 0/0 14:12 1:41 0:54
Jeremy Bracco 0 0 0 -2 0 1 1 0 1 1 0/2 15:58 4:47 0:00
Joe Veleno 0 0 0 1 0 0 1 0 0 0 2/5 13:12 0:18 1:33
Jordan Oesterle 0 0 0 0 0 4 1 1 1 0 0/0 19:34 4:46 2:26
Liam Foudy 0 1 1 0 0 1 0 0 0 0 0/0 6:21 0:00 0:00
Maxime Comtois 0 0 0 -2 2 5 1 2 3 0 0/1 17:46 4:47 1:49
Robert Thomas 1 0 1 2 0 5 2 0 1 0 2/2 19:46 5:55 0:02
Ryan Lindgren 0 1 1 1 0 2 2 0 0 0 0/0 23:51 5:29 2:08
Scott Perunovich 0 0 0 -1 0 0 0 2 0 1 0/0 14:04 1:25 0:54
Sean Walker 0 0 0 1 0 0 1 0 0 0 0/0 21:16 4:59 2:35
Ty Dellandrea 1 0 1 1 0 2 2 1 0 0 0/0 11:23 1:14 0:00
Players Stats for Eagles
Player Name G A P +/- PIM S H SB GA TA FO MP PP MP PK MP
------------------------------------------------------------------------------------
Anthony Duclair 0 1 1 0 0 4 3 0 1 0 5/7 22:15 2:39 5:55
Chris Calhan 0 0 0 0 0 1 1 0 0 0 0/0 8:07 0:41 0:00
Connor Carrick 0 0 0 -3 0 0 1 1 1 3 0/0 28:06 3:23 6:44
Drake Caggiula 0 0 0 -1 0 2 2 1 1 0 12/23 22:02 2:34 5:33
Gabriel Vilardi 0 0 0 -1 0 0 0 1 0 1 0/0 10:53 0:00 0:00
Jack Dougherty 0 0 0 -1 0 0 1 2 0 1 0/0 24:35 2:09 4:42
Jared McCann 0 0 0 -1 0 2 2 0 0 0 8/11 13:28 0:30 2:00
Jonathan Racine 0 1 1 1 0 1 0 0 0 0 0/0 17:54 2:09 4:18
Joseph Blandisi 1 0 1 -1 2 3 0 1 0 1 3/4 20:19 2:39 3:41
Keaton Middleton 0 1 1 1 0 3 0 2 0 1 0/0 13:55 0:25 0:30
Matteson Iacopelli 0 1 1 1 0 3 2 0 0 0 0/0 12:39 2:37 0:00
Mattias Samuelsson 0 0 0 0 0 1 1 0 0 0 0/0 12:52 0:00 0:54
Michael Carcone 0 0 0 -1 2 2 2 0 0 0 0/0 11:49 0:41 0:16
Michael Dal Colle 0 0 0 0 0 2 1 0 0 0 0/0 8:57 0:16 1:10
Ryan Murphy 1 0 1 1 0 2 1 1 0 1 0/0 22:52 3:48 6:44
Sam Steel 0 0 0 0 0 3 0 0 0 0 0/1 10:32 0:00 3:06
Tyler Motte 0 0 0 1 4 2 0 0 0 0 0/1 12:38 2:37 0:00
Zach Aston-Reese 0 0 0 1 4 3 2 0 1 0 2/4 14:49 2:37 2:11
3 Stars
1 - Robert Thomas (Syr)
2 - Ty Dellandrea (Syr)
3 - Kaapo Kahkonen (Syr)
Power Play
Crunch - 0 on 6 Attempt(s) - 0.00%
Eagles - 0 on 3 Attempt(s) - 0.00%
Penalty Kill
Crunch - 3 on 3 Attempt(s) - 100.00%
- Score 0 goal in Penalty Kill
Eagles - 6 on 6 Attempt(s) - 100.00%
- Score 0 goal in Penalty Kill
Team Stat
Crunch - Hits : 18 - Faceoff Wins : 21 - Blocked Shots : 9 - Penalty Minutes : 6
Eagles - Hits : 19 - Faceoff Wins : 30 - Blocked Shots : 9 - Penalty Minutes : 12
Official
Referees : Pierre Lambert and Dan Kelly
Linesman : Brandon Gawryletz and Pierre Racicot
Game Notes
Jordan Oesterle is injured at 5:55 of 3rd period (Bruised Left Foot)
Finance
Level 1 -- Attendance: 1909 (95.45%) -- Ticket Income $133,630
Level 2 -- Attendance: 942 (94.20%) -- Ticket Income $37,680
Total Attendance: 2851 (95.03%)
Total Ticket Income: $171,310
Other Income: $8,566
Total Income: $179,876
Crunch
5 vs 5 Forward
Center Left Wing Right Wing Time % Phy DF OF
1 Axel Holmstrom Brandon Hagel Robert Thomas 40 1 2 2
2 Connor Bunnaman Maxime Comtois Jeremy Bracco 30 1 2 2
3 Joe Veleno Anatoli Golyshev Ty Dellandrea 20 1 2 2
4 Cam Hillis Brandon Biro Liam Foudy 10 1 2 2
5 vs 5 Defense
Defense Defense Time % Phy DF OF
1 Dalton Thrower Jordan Oesterle 40 1 2 2
2 Sean Walker Ryan Lindgren 30 1 2 2
3 Gustav Lindstrom Scott Perunovich 20 1 2 2
4 Dalton Thrower Jordan Oesterle 10 1 2 2
PowerPlay Forward
Center Left Wing Right Wing Time % Phy DF OF
1 Axel Holmstrom Brandon Hagel Robert Thomas 60 1 2 2
2 Connor Bunnaman Maxime Comtois Jeremy Bracco 40 1 2 2
PowerPlay Defense
Defense Defense Time % Phy DF OF
1 Dalton Thrower Jordan Oesterle 60 1 2 2
2 Sean Walker Ryan Lindgren 40 1 2 2
Penalty Kill 4 Players Forward
Center Wing Time % Phy DF OF
1 Axel Holmstrom Brandon Hagel 60 1 2 2
2 Connor Bunnaman Maxime Comtois 40 1 2 2
Penalty Kill 4 Players Defense
Defense Defense Time % Phy DF OF
1 Dalton Thrower Jordan Oesterle 60 1 2 2
2 Sean Walker Ryan Lindgren 40 1 2 2
Penalty Kill - 3 Players Forward
Forward Time % Phy DF OF
1 Axel Holmstrom 60 1 2 2
2 Connor Bunnaman 40 1 2 2
Penalty Kill - 3 Players Defense
Defense Defense Time % Phy DF OF
1 Dalton Thrower Jordan Oesterle 60 1 2 2
2 Sean Walker Ryan Lindgren 40 1 2 2
4 vs 4 Forward
Center Wing Time % Phy DF OF
1 Axel Holmstrom Brandon Hagel 60 1 2 2
2 Connor Bunnaman Robert Thomas 40 1 2 2
4 vs 4 Defense
Defense Defense Time % Phy DF OF
1 Dalton Thrower Jordan Oesterle 60 1 2 2
2 Sean Walker Ryan Lindgren 40 1 2 2
Last Minutes Offensive
Center Left Wing Right Wing Defense Defense
Axel Holmstrom Brandon Hagel Jeremy Bracco Dalton Thrower Jordan Oesterle
Last Minutes Defensive
Center Left Wing Right Wing Defense Defense
Axel Holmstrom Brandon Hagel Jeremy Bracco Dalton Thrower Jordan Oesterle
Goaltenders
Starting : Kaapo Kahkonen
Backup : Josef Korenar
Extra Forwards
Normal : Anatoli Golyshev, Axel Holmstrom, Connor Bunnaman - PP : Anatoli Golyshev, Axel Holmstrom - PK : Anatoli Golyshev
Extra Defensemen
Normal : Ryan Lindgren, Gustav Lindstrom, Scott Perunovich - PP : Ryan Lindgren - PK : Ryan Lindgren, Gustav Lindstrom
Penalty Shots
Brandon Hagel, Jeremy Bracco, Robert Thomas, Maxime Comtois, Anatoli Golyshev
Custom OT Lines Forwards
Brandon Hagel, Jeremy Bracco, Robert Thomas, Maxime Comtois, Anatoli Golyshev, Axel Holmstrom, Connor Bunnaman, Ty Dellandrea, Brandon Biro, Liam Foudy
Custom OT Lines Defensemen
Dalton Thrower, Jordan Oesterle, Sean Walker, Ryan Lindgren, Gustav Lindstrom
Scratches
Blake Lizotte (Healthy), Michael Downing (Healthy), Blake Hillman (Healthy), Lukas Dostal (Healthy)
Eagles
5 vs 5 Forward
Center Left Wing Right Wing Time % Phy DF OF
1 Drake Caggiula Joseph Blandisi Anthony Duclair 40 1 2 2
2 Jared McCann Michael Carcone Gabriel Vilardi 30 1 2 2
3 Zach Aston-Reese Tyler Motte Matteson Iacopelli 20 1 2 2
4 Sam Steel Michael Dal Colle Chris Calhan 10 1 2 2
5 vs 5 Defense
Defense Defense Time % Phy DF OF
1 Connor Carrick Jack Dougherty 40 1 2 2
2 Keaton Middleton Ryan Murphy 30 1 2 2
3 Mattias Samuelsson Jonathan Racine 20 1 2 2
4 Connor Carrick Ryan Murphy 10 1 2 2
PowerPlay Forward
Center Left Wing Right Wing Time % Phy DF OF
1 Drake Caggiula Joseph Blandisi Anthony Duclair 60 1 2 2
2 Zach Aston-Reese Tyler Motte Matteson Iacopelli 40 1 2 2
PowerPlay Defense
Defense Defense Time % Phy DF OF
1 Connor Carrick Ryan Murphy 60 1 2 2
2 Jack Dougherty Jonathan Racine 40 1 2 2
Penalty Kill 4 Players Forward
Center Wing Time % Phy DF OF
1 Anthony Duclair Drake Caggiula 60 1 2 2
2 Joseph Blandisi Zach Aston-Reese 40 1 2 2
Penalty Kill 4 Players Defense
Defense Defense Time % Phy DF OF
1 Connor Carrick Ryan Murphy 60 1 2 2
2 Jack Dougherty Jonathan Racine 40 1 2 2
Penalty Kill - 3 Players Forward
Forward Time % Phy DF OF
1 Anthony Duclair 60 1 2 2
2 Drake Caggiula 40 1 2 2
Penalty Kill - 3 Players Defense
Defense Defense Time % Phy DF OF
1 Connor Carrick Ryan Murphy 60 1 2 2
2 Jack Dougherty Jonathan Racine 40 1 2 2
4 vs 4 Forward
Center Wing Time % Phy DF OF
1 Anthony Duclair Drake Caggiula 60 1 2 2
2 Joseph Blandisi Zach Aston-Reese 40 1 2 2
4 vs 4 Defense
Defense Defense Time % Phy DF OF
1 Connor Carrick Ryan Murphy 60 1 2 2
2 Jack Dougherty Jonathan Racine 40 1 2 2
Last Minutes Offensive
Center Left Wing Right Wing Defense Defense
Drake Caggiula Joseph Blandisi Anthony Duclair Connor Carrick Ryan Murphy
Last Minutes Defensive
Center Left Wing Right Wing Defense Defense
Drake Caggiula Joseph Blandisi Anthony Duclair Connor Carrick Ryan Murphy
Goaltenders
Starting : Adin Hill
Backup : Daniel Altshuller
Extra Forwards
Normal : Jared McCann, Michael Carcone, Sam Steel - PP : Jared McCann, Michael Carcone - PK : Sam Steel
Extra Defensemen
Normal : Keaton Middleton, Mattias Samuelsson, Jack Dougherty - PP : Keaton Middleton - PK : Mattias Samuelsson, Jack Dougherty
Penalty Shots
Anthony Duclair, Drake Caggiula, Joseph Blandisi, Zach Aston-Reese, Jared McCann
Custom OT Lines Forwards
Anthony Duclair, Drake Caggiula, Joseph Blandisi, Zach Aston-Reese, Jared McCann, Tyler Motte, Michael Carcone, Sam Steel, Matteson Iacopelli, Gabriel Vilardi
Custom OT Lines Defensemen
Connor Carrick, Ryan Murphy, Jack Dougherty, Jonathan Racine, Keaton Middleton
Scratches
Dominik Kubalik (Healthy), Kevin Bahl (Healthy), Mark Friedman (Healthy), Tyler Tucker (Healthy), Xavier Ouellet (Healthy)
Alexander Nylander (Healthy), Pius Suter (Healthy), Max Lajoie (Healthy), Pascal Laberge (Healthy), Marian Studenic (Healthy)
Walker Duehr (Healthy), Zachary Emond (Healthy)
% Time on Ice - Crunch
Lines # - Real PCT - Wanted PCT - Time Play
Normal Forward
1 - 35% - 40% - 14:31
2 - 26% - 30% - 10:50
3 - 24% - 20% - 10:04
4 - 15% - 10% - 6:21
Normal Defense
1 - 42% - 40% - 17:42
2 - 30% - 30% - 12:34
3 - 25% - 20% - 10:38
4 - 2% - 10% - 0:52
PP Forward
1 - 60% - 60% - 7:09
2 - 40% - 40% - 4:47
PP Defense
1 - 58% - 60% - 6:57
2 - 42% - 40% - 4:59
PK Forward
1 - 68% - 60% - 4:04
2 - 32% - 40% - 1:53
PK Defense
1 - 74% - 60% - 4:25
2 - 26% - 40% - 1:32
PK3 Forward
1 - 0% - 60%
2 - 0% - 40%
PK3 Defense
1 - 0% - 60%
2 - 0% - 40%
44 Forward
1 - 0% - 60%
2 - 0% - 40%
44 Defense
1 - 0% - 60%
2 - 0% - 40%
Last Minute Offensive - 0:00
Last Minute Defensive - 0:21
Total
Forward - 60:00
Defense - 60:00
|
% Time on Ice - Eagles
Lines # - Real PCT - Wanted PCT - Time Play
Normal Forward
1 - 32% - 40% - 13:28
2 - 26% - 30% - 10:57
3 - 24% - 20% - 9:58
4 - 18% - 10% - 7:26
Normal Defense
1 - 41% - 40% - 17:12
2 - 32% - 30% - 13:22
3 - 23% - 20% - 9:45
4 - 4% - 10% - 1:30
PP Forward
1 - 50% - 60% - 3:00
2 - 50% - 40% - 2:57
PP Defense
1 - 64% - 60% - 3:48
2 - 36% - 40% - 2:09
PK Forward
1 - 72% - 60% - 8:33
2 - 28% - 40% - 3:23
PK Defense
1 - 60% - 60% - 7:08
2 - 40% - 40% - 4:48
PK3 Forward
1 - 0% - 60%
2 - 0% - 40%
PK3 Defense
1 - 0% - 60%
2 - 0% - 40%
44 Forward
1 - 0% - 60%
2 - 0% - 40%
44 Defense
1 - 0% - 60%
2 - 0% - 40%
Last Minute Offensive - 0:18
Last Minute Defensive - 0:00
Total
Forward - 60:00
Defense - 60:00
|
Play-by-Play
1st period
0:01 of 1st period - Axel Holmstrom wins face-off versus Drake Caggiula in neutral zone.
0:44 of 1st period - Snap shot by Jordan Oesterle.
0:44 of 1st period - Shot Misses the Net.
0:46 of 1st period - Backhand shot by Dalton Thrower.
0:46 of 1st period - Shot Blocked by Keaton Middleton.
0:48 of 1st period - Wrist shot by Robert Thomas.
0:48 of 1st period - Stopped by Adin Hill with a rebound.
1:13 of 1st period - Snap shot by Maxime Comtois.
1:13 of 1st period - Stopped by Adin Hill with a rebound.
1:15 of 1st period - Slapshot by Jordan Oesterle.
1:15 of 1st period - Stopped by Adin Hill without a rebound.
1:16 of 1st period - Drake Caggiula wins face-off versus Joe Veleno in Eagles zone.
1:31 of 1st period - Snap shot by Joseph Blandisi.
1:31 of 1st period - Deflect By Anthony Duclair.
1:31 of 1st period - Shot Blocked by Anatoli Golyshev.
1:31 of 1st period - Puck is out of play.
1:32 of 1st period - Jared McCann wins face-off versus Jeremy Bracco in Crunch zone.
1:33 of 1st period - Wrist shot by Michael Carcone.
1:33 of 1st period - Stopped by Kaapo Kahkonen without a rebound.
1:34 of 1st period - Connor Bunnaman wins face-off versus Jared McCann in Crunch zone.
1:45 of 1st period - Wrist shot by Jeremy Bracco.
1:45 of 1st period - Stopped by Adin Hill with a rebound.
2:01 of 1st period - Icing by Scott Perunovich.
2:02 of 1st period - Drake Caggiula wins face-off versus Cam Hillis in Crunch zone.
2:07 of 1st period - Slapshot by Anthony Duclair.
2:07 of 1st period - Stopped by Kaapo Kahkonen without a rebound.
2:08 of 1st period - Joe Veleno wins face-off versus Zach Aston-Reese in Crunch zone.
2:19 of 1st period - Wrist shot by Tyler Motte.
2:19 of 1st period - Stopped by Kaapo Kahkonen with a rebound.
2:23 of 1st period - Wrist shot by Zach Aston-Reese.
2:23 of 1st period - Shot Misses the Net.
2:29 of 1st period - Minor Penalty to Anatoli Golyshev for Hooking.
2:30 of 1st period - Axel Holmstrom wins face-off versus Drake Caggiula in Crunch zone.
2:30 of 1st period - Axel Holmstrom is hit by Drake Caggiula.
2:40 of 1st period - Slapshot by Anthony Duclair.
2:40 of 1st period - Stopped by Kaapo Kahkonen with a rebound.
4:22 of 1st period - Connor Carrick is hit by Sean Walker and loses puck.
4:29 of 1st period - Penalty to Anatoli Golyshev is over, Anatoli Golyshev is back on ice.
4:49 of 1st period - Wrist shot by Joe Veleno.
4:49 of 1st period - Shot Misses the Net.
5:23 of 1st period - Wrist shot by Brandon Biro.
5:23 of 1st period - Shot Misses the Net.
5:27 of 1st period - Snap shot by Brandon Biro.
5:27 of 1st period - Stopped by Adin Hill without a rebound.
5:28 of 1st period - Connor Bunnaman wins face-off versus Jared McCann in Eagles zone.
6:14 of 1st period - Wrist shot by Joseph Blandisi.
6:14 of 1st period - Stopped by Kaapo Kahkonen without a rebound.
6:15 of 1st period - Connor Bunnaman wins face-off versus Drake Caggiula in Crunch zone.
7:07 of 1st period - Snap shot by Sam Steel.
7:07 of 1st period - Deflect By Chris Calhan.
7:07 of 1st period - Shot Blocked by Scott Perunovich.
7:07 of 1st period - Puck is out of play.
7:08 of 1st period - Connor Bunnaman wins face-off versus Drake Caggiula in Crunch zone.
7:33 of 1st period - Dalton Thrower is hit by Jared McCann and loses puck.
7:42 of 1st period - Wrist shot by Jared McCann.
7:42 of 1st period - Shot Misses the Net.
8:02 of 1st period - Jordan Oesterle is hit by Ryan Murphy and loses puck.
8:17 of 1st period - Wrist shot by Joe Veleno.
8:17 of 1st period - Shot Misses the Net.
8:23 of 1st period - Axel Holmstrom is hit by Chris Calhan.
9:39 of 1st period - Icing by Zach Aston-Reese.
9:40 of 1st period - Drake Caggiula wins face-off versus Connor Bunnaman in Eagles zone.
10:04 of 1st period - Off-side.
10:05 of 1st period - Jared McCann wins face-off versus Axel Holmstrom in neutral zone.
10:08 of 1st period - Wrist shot by Jared McCann.
10:08 of 1st period - Stopped by Kaapo Kahkonen with a rebound.
10:10 of 1st period - Snap shot by Jared McCann.
10:10 of 1st period - Stopped by Kaapo Kahkonen with a rebound.
10:12 of 1st period - Slapshot by Michael Carcone.
10:12 of 1st period - Shot Blocked by Jordan Oesterle.
10:14 of 1st period - Slapshot by Gabriel Vilardi.
10:14 of 1st period - Shot Misses the Net.
10:30 of 1st period - Drake Caggiula is hit by Jordan Oesterle and loses puck.
10:56 of 1st period - Double Minor Penalty to Zach Aston-Reese for High sticking.
10:57 of 1st period - Anthony Duclair wins face-off versus Axel Holmstrom in Eagles zone.
11:42 of 1st period - Wrist shot by Sam Steel.
11:42 of 1st period - Shot Misses the Net.
12:58 of 1st period - Anthony Duclair is hit by Ryan Lindgren and loses puck.
13:07 of 1st period - Connor Carrick is hit by Ty Dellandrea and loses puck.
14:56 of 1st period - Penalty to Zach Aston-Reese is over, Zach Aston-Reese is back on ice.
18:22 of 1st period - Wrist shot by Zach Aston-Reese.
18:22 of 1st period - Shot Misses the Net.
18:24 of 1st period - Wrist shot by Tyler Motte.
18:24 of 1st period - Stopped by Kaapo Kahkonen with a rebound.
18:26 of 1st period - Slapshot by Connor Carrick.
18:26 of 1st period - Shot Blocked by Maxime Comtois.
18:28 of 1st period - Snap shot by Zach Aston-Reese.
18:28 of 1st period - Stopped by Kaapo Kahkonen with a rebound.
18:40 of 1st period - Maxime Comtois is hit by Drake Caggiula and loses puck.
18:59 of 1st period - Snap shot by Jeremy Bracco.
18:59 of 1st period - Shot Misses the Net.
19:01 of 1st period - Slapshot by Jordan Oesterle.
19:01 of 1st period - Stopped by Adin Hill without a rebound.
19:02 of 1st period - Drake Caggiula wins face-off versus Brandon Hagel in Eagles zone.
19:26 of 1st period - Icing by Anthony Duclair.
19:27 of 1st period - Drake Caggiula wins face-off versus Joe Veleno in Eagles zone.
19:27 of 1st period - Drake Caggiula is hit by Joe Veleno.
Goals for this period are 0 for Crunch vs 0 for Eagles.
Shots for this period are 6 for Crunch vs 9 for Eagles.
2nd period
0:01 of 2nd period - Axel Holmstrom wins face-off versus Drake Caggiula in neutral zone.
0:26 of 2nd period - Maxime Comtois is hit by Michael Carcone and loses puck.
1:25 of 2nd period - Snap shot by Ty Dellandrea.
1:25 of 2nd period - Shot Blocked by Drake Caggiula.
1:31 of 2nd period - Snap shot by Anatoli Golyshev.
1:31 of 2nd period - Deflect By Anthony Duclair.
1:31 of 2nd period - Shot Misses the Net.
1:31 of 2nd period - Puck is out of play.
1:32 of 2nd period - Jared McCann wins face-off versus Axel Holmstrom in Eagles zone.
1:32 of 2nd period - Jared McCann is hit by Ryan Lindgren.
2:01 of 2nd period - Maxime Comtois is hit by Zach Aston-Reese and loses puck.
2:26 of 2nd period - Slapshot by Connor Carrick.
2:26 of 2nd period - Shot Misses the Net.
2:28 of 2nd period - Snap shot by Drake Caggiula.
2:28 of 2nd period - Stopped by Kaapo Kahkonen without a rebound.
2:29 of 2nd period - Cam Hillis wins face-off versus Drake Caggiula in Crunch zone.
2:34 of 2nd period - Wrist shot by Brandon Biro.
2:34 of 2nd period - Stopped by Adin Hill with a rebound.
2:40 of 2nd period - Wrist shot by Drake Caggiula.
2:40 of 2nd period - Stopped by Kaapo Kahkonen without a rebound.
2:41 of 2nd period - Joseph Blandisi wins face-off versus Axel Holmstrom in Crunch zone.
3:06 of 2nd period - Robert Thomas is hit by Zach Aston-Reese and loses puck.
3:15 of 2nd period - Snap shot by Matteson Iacopelli.
3:15 of 2nd period - Shot Misses the Net.
3:17 of 2nd period - Wrist shot by Zach Aston-Reese.
3:17 of 2nd period - Stopped by Kaapo Kahkonen with a rebound.
3:19 of 2nd period - Slapshot by Zach Aston-Reese.
3:19 of 2nd period - Shot Misses the Net.
3:29 of 2nd period - Maxime Comtois is hit by Michael Carcone and loses puck.
3:52 of 2nd period - Slapshot by Anatoli Golyshev.
3:52 of 2nd period - Stopped by Adin Hill with a rebound.
3:54 of 2nd period - Slapshot by Jordan Oesterle.
3:54 of 2nd period - Shot Misses the Net.
4:08 of 2nd period - Sean Walker is hit by Matteson Iacopelli and loses puck.
4:31 of 2nd period - Slapshot by Sam Steel.
4:31 of 2nd period - Stopped by Kaapo Kahkonen without a rebound.
4:32 of 2nd period - Joseph Blandisi wins face-off versus Maxime Comtois in Crunch zone.
5:33 of 2nd period - Slapshot by Keaton Middleton.
5:33 of 2nd period - Stopped by Kaapo Kahkonen with a rebound.
5:35 of 2nd period - Snap shot by Ryan Murphy.
5:35 of 2nd period - Goal by Ryan Murphy - Crunch : 0 - Eagles : 1.
5:36 of 2nd period - Drake Caggiula wins face-off versus Axel Holmstrom in neutral zone.
5:41 of 2nd period - Slapshot by Ryan Murphy.
5:41 of 2nd period - Deflect By Jordan Oesterle.
5:41 of 2nd period - Stopped by Kaapo Kahkonen with a rebound.
5:46 of 2nd period - Icing by Jordan Oesterle.
5:47 of 2nd period - Drake Caggiula wins face-off versus Axel Holmstrom in Crunch zone.
6:19 of 2nd period - Wrist shot by Brandon Hagel.
6:19 of 2nd period - Shot Misses the Net.
6:29 of 2nd period - Backhand shot by Axel Holmstrom.
6:29 of 2nd period - Stopped by Adin Hill with a rebound.
6:31 of 2nd period - Slapshot by Jordan Oesterle.
6:31 of 2nd period - Stopped by Adin Hill with a rebound.
6:33 of 2nd period - Snap shot by Axel Holmstrom.
6:33 of 2nd period - Stopped by Adin Hill without a rebound.
6:34 of 2nd period - Jared McCann wins face-off versus Connor Bunnaman in Eagles zone.
6:43 of 2nd period - Slapshot by Maxime Comtois.
6:43 of 2nd period - Stopped by Adin Hill with a rebound.
6:45 of 2nd period - Snap shot by Maxime Comtois.
6:45 of 2nd period - Shot Blocked by Keaton Middleton.
6:47 of 2nd period - Wrist shot by Maxime Comtois.
6:47 of 2nd period - Deflect By Connor Bunnaman.
6:47 of 2nd period - Stopped by Adin Hill with a rebound.
7:07 of 2nd period - Wrist shot by Matteson Iacopelli.
7:07 of 2nd period - Stopped by Kaapo Kahkonen with a rebound.
7:09 of 2nd period - Wrist shot by Tyler Motte.
7:09 of 2nd period - Shot Misses the Net.
7:46 of 2nd period - Slapshot by Gustav Lindstrom.
7:46 of 2nd period - Stopped by Adin Hill without a rebound.
7:47 of 2nd period - Brandon Hagel wins face-off versus Jared McCann in Eagles zone.
7:56 of 2nd period - Jared McCann is hit by Brandon Hagel and loses puck.
8:01 of 2nd period - Wrist shot by Brandon Hagel.
8:01 of 2nd period - Shot Blocked by Gabriel Vilardi.
8:03 of 2nd period - Backhand shot by Jordan Oesterle.
8:03 of 2nd period - Stopped by Adin Hill with a rebound.
8:20 of 2nd period - Slapshot by Maxime Comtois.
8:20 of 2nd period - Stopped by Adin Hill with a rebound.
8:26 of 2nd period - Joseph Blandisi is hit by Maxime Comtois and loses puck.
8:43 of 2nd period - Wrist shot by Brandon Biro.
8:43 of 2nd period - Shot Blocked by Jack Dougherty.
9:01 of 2nd period - Snap shot by Brandon Biro.
9:01 of 2nd period - Stopped by Adin Hill without a rebound.
9:02 of 2nd period - Axel Holmstrom wins face-off versus Sam Steel in Eagles zone.
9:52 of 2nd period - Slapshot by Chris Calhan.
9:52 of 2nd period - Stopped by Kaapo Kahkonen with a rebound.
9:54 of 2nd period - Slapshot by Mattias Samuelsson.
9:54 of 2nd period - Stopped by Kaapo Kahkonen with a rebound.
9:56 of 2nd period - Wrist shot by Michael Dal Colle.
9:56 of 2nd period - Stopped by Kaapo Kahkonen with a rebound.
9:58 of 2nd period - Wrist shot by Michael Dal Colle.
9:58 of 2nd period - Stopped by Kaapo Kahkonen without a rebound.
9:59 of 2nd period - Drake Caggiula wins face-off versus Connor Bunnaman in Crunch zone.
10:35 of 2nd period - Snap shot by Ty Dellandrea.
10:35 of 2nd period - Goal by Ty Dellandrea - Crunch : 1 - Eagles : 1.
10:36 of 2nd period - Axel Holmstrom wins face-off versus Drake Caggiula in neutral zone.
10:53 of 2nd period - Anthony Duclair is hit by Robert Thomas.
11:03 of 2nd period - Jeremy Bracco is hit by Jack Dougherty and loses puck.
11:19 of 2nd period - Minor Penalty to Maxime Comtois for Roughing.
11:20 of 2nd period - Axel Holmstrom wins face-off versus Drake Caggiula in Crunch zone.
11:55 of 2nd period - Wrist shot by Matteson Iacopelli.
11:55 of 2nd period - Shot Misses the Net.
11:57 of 2nd period - Slapshot by Zach Aston-Reese.
11:57 of 2nd period - Stopped by Kaapo Kahkonen without a rebound.
11:58 of 2nd period - Drake Caggiula wins face-off versus Axel Holmstrom in Crunch zone.
12:28 of 2nd period - Zach Aston-Reese is hit by Brandon Hagel and loses puck.
13:19 of 2nd period - Penalty to Maxime Comtois is over, Maxime Comtois is back on ice.
14:10 of 2nd period - Snap shot by Ty Dellandrea.
14:10 of 2nd period - Stopped by Adin Hill without a rebound.
14:11 of 2nd period - Jared McCann wins face-off versus Joe Veleno in Eagles zone.
14:21 of 2nd period - Icing by Michael Carcone.
14:22 of 2nd period - Jared McCann wins face-off versus Axel Holmstrom in Eagles zone.
14:22 of 2nd period - Jared McCann is hit by Dalton Thrower.
14:48 of 2nd period - Slapshot by Gabriel Vilardi.
14:48 of 2nd period - Deflect By Jared McCann.
14:48 of 2nd period - Shot Misses the Net.
14:48 of 2nd period - Puck is out of play.
14:49 of 2nd period - Connor Bunnaman wins face-off versus Drake Caggiula in Crunch zone.
14:49 of 2nd period - Connor Bunnaman is hit by Anthony Duclair.
15:01 of 2nd period - Wrist shot by Jeremy Bracco.
15:01 of 2nd period - Deflect By Connor Bunnaman.
15:01 of 2nd period - Stopped by Adin Hill with a rebound.
15:03 of 2nd period - Snap shot by Maxime Comtois.
15:03 of 2nd period - Stopped by Adin Hill with a rebound.
15:05 of 2nd period - Wrist shot by Maxime Comtois.
15:05 of 2nd period - Stopped by Adin Hill with a rebound.
15:19 of 2nd period - Snap shot by Zach Aston-Reese.
15:19 of 2nd period - Deflect By Matteson Iacopelli.
15:19 of 2nd period - Stopped by Kaapo Kahkonen with a rebound.
15:43 of 2nd period - Backhand shot by Sam Steel.
15:43 of 2nd period - Stopped by Kaapo Kahkonen with a rebound.
15:58 of 2nd period - Minor Penalty to Michael Carcone for Hooking.
15:59 of 2nd period - Anthony Duclair wins face-off versus Axel Holmstrom in Eagles zone.
16:13 of 2nd period - Snap shot by Robert Thomas.
16:13 of 2nd period - Stopped by Adin Hill without a rebound.
16:14 of 2nd period - Anthony Duclair wins face-off versus Axel Holmstrom in Eagles zone.
17:01 of 2nd period - Zach Aston-Reese is hit by Robert Thomas and loses puck.
17:58 of 2nd period - Penalty to Michael Carcone is over, Michael Carcone is back on ice.
19:00 of 2nd period - Slapshot by Jonathan Racine.
19:00 of 2nd period - Stopped by Kaapo Kahkonen with a rebound.
19:04 of 2nd period - Slapshot by Joseph Blandisi.
19:04 of 2nd period - Shot Misses the Net.
19:33 of 2nd period - Double Minor Penalty to Tyler Motte for Slashing.
19:34 of 2nd period - Axel Holmstrom wins face-off versus Anthony Duclair in Eagles zone.
19:49 of 2nd period - Snap shot by Brandon Hagel.
19:49 of 2nd period - Shot Blocked by Ryan Murphy.
Goals for this period are 1 for Crunch vs 1 for Eagles.
Shots for this period are 17 for Crunch vs 16 for Eagles.
3rd period
0:01 of 3rd period - Anthony Duclair wins face-off versus Axel Holmstrom in neutral zone.
2:05 of 3rd period - Jonathan Racine is hit by Ty Dellandrea and loses puck.
2:31 of 3rd period - Off-side.
2:32 of 3rd period - Joseph Blandisi wins face-off versus Connor Bunnaman in neutral zone.
2:35 of 3rd period - Snap shot by Joseph Blandisi.
2:35 of 3rd period - Shot Misses the Net.
2:53 of 3rd period - Brandon Hagel is hit by Anthony Duclair and loses puck.
3:33 of 3rd period - Penalty to Tyler Motte is over, Tyler Motte is back on ice.
3:44 of 3rd period - Jordan Oesterle is hit by Mattias Samuelsson and loses puck.
4:22 of 3rd period - Backhand shot by Keaton Middleton.
4:22 of 3rd period - Shot Blocked by Brandon Hagel.
4:24 of 3rd period - Slapshot by Keaton Middleton.
4:24 of 3rd period - Stopped by Kaapo Kahkonen with a rebound.
4:26 of 3rd period - Slapshot by Keaton Middleton.
4:26 of 3rd period - Stopped by Kaapo Kahkonen with a rebound.
5:50 of 3rd period - Wrist shot by Cam Hillis.
5:50 of 3rd period - Goal by Cam Hillis - Crunch : 2 - Eagles : 1.
5:51 of 3rd period - Anthony Duclair wins face-off versus Axel Holmstrom in neutral zone.
5:54 of 3rd period - Jordan Oesterle is hit by Anthony Duclair and loses puck.
5:55 of 3rd period - Jordan Oesterle from Crunch is injured at 5:55 of 3rd period (Bruised Left Foot).
5:56 of 3rd period - Drake Caggiula wins face-off versus Axel Holmstrom in Crunch zone.
6:09 of 3rd period - Wrist shot by Axel Holmstrom.
6:09 of 3rd period - Stopped by Adin Hill with a rebound.
6:11 of 3rd period - Slapshot by Ryan Lindgren.
6:11 of 3rd period - Shot Blocked by Jack Dougherty.
6:23 of 3rd period - Dalton Thrower is hit by Jared McCann and loses puck.
6:43 of 3rd period - Icing by Gustav Lindstrom.
6:44 of 3rd period - Zach Aston-Reese wins face-off versus Cam Hillis in Crunch zone.
6:49 of 3rd period - Snap shot by Matteson Iacopelli.
6:49 of 3rd period - Stopped by Kaapo Kahkonen without a rebound.
6:50 of 3rd period - Drake Caggiula wins face-off versus Cam Hillis in Crunch zone.
6:51 of 3rd period - Wrist shot by Anthony Duclair.
6:51 of 3rd period - Stopped by Kaapo Kahkonen without a rebound.
6:52 of 3rd period - Drake Caggiula wins face-off versus Axel Holmstrom in Crunch zone.
7:00 of 3rd period - Icing by Dalton Thrower.
7:01 of 3rd period - Axel Holmstrom wins face-off versus Drake Caggiula in Crunch zone.
8:13 of 3rd period - Wrist shot by Joseph Blandisi.
8:13 of 3rd period - Shot Blocked by Axel Holmstrom.
8:49 of 3rd period - Wrist shot by Robert Thomas.
8:49 of 3rd period - Shot Misses the Net.
8:51 of 3rd period - Snap shot by Robert Thomas.
8:51 of 3rd period - Deflect By Jack Dougherty.
8:51 of 3rd period - Stopped by Adin Hill with a rebound.
8:53 of 3rd period - Wrist shot by Ryan Lindgren.
8:53 of 3rd period - Shot Blocked by Joseph Blandisi.
8:55 of 3rd period - Slapshot by Ryan Lindgren.
8:55 of 3rd period - Stopped by Adin Hill with a rebound.
8:59 of 3rd period - Snap shot by Robert Thomas.
8:59 of 3rd period - Shot Misses the Net.
9:01 of 3rd period - Slapshot by Dalton Thrower.
9:01 of 3rd period - Shot Misses the Net.
9:03 of 3rd period - Slapshot by Ryan Lindgren.
9:03 of 3rd period - Shot Misses the Net.
9:05 of 3rd period - Wrist shot by Axel Holmstrom.
9:05 of 3rd period - Deflect By Brandon Hagel.
9:05 of 3rd period - Shot Misses the Net.
9:05 of 3rd period - Puck is out of play.
9:06 of 3rd period - Jared McCann wins face-off versus Jeremy Bracco in Eagles zone.
9:56 of 3rd period - Minor Penalty to Brandon Biro for Interference.
9:57 of 3rd period - Zach Aston-Reese wins face-off versus Connor Bunnaman in Crunch zone.
10:27 of 3rd period - Jack Dougherty is hit by Gustav Lindstrom and loses puck.
10:34 of 3rd period - Maxime Comtois is hit by Matteson Iacopelli and loses puck.
10:45 of 3rd period - Snap shot by Jared McCann.
10:45 of 3rd period - Deflect By Michael Carcone.
10:45 of 3rd period - Stopped by Kaapo Kahkonen with a rebound.
11:38 of 3rd period - Sean Walker is hit by Connor Carrick and loses puck.
11:56 of 3rd period - Penalty to Brandon Biro is over, Brandon Biro is back on ice.
12:21 of 3rd period - Slapshot by Robert Thomas.
12:21 of 3rd period - Deflect By Liam Foudy.
12:21 of 3rd period - Stopped by Adin Hill without a rebound.
12:22 of 3rd period - Jared McCann wins face-off versus Cam Hillis in Eagles zone.
12:39 of 3rd period - Michael Dal Colle is hit by Gustav Lindstrom and loses puck.
13:06 of 3rd period - Snap shot by Robert Thomas.
13:06 of 3rd period - Deflect By Axel Holmstrom.
13:06 of 3rd period - Stopped by Adin Hill with a rebound.
14:29 of 3rd period - Slapshot by Sam Steel.
14:29 of 3rd period - Stopped by Kaapo Kahkonen with a rebound.
14:31 of 3rd period - Slapshot by Jack Dougherty.
14:31 of 3rd period - Shot Blocked by Ty Dellandrea.
14:33 of 3rd period - Snap shot by Michael Dal Colle.
14:33 of 3rd period - Shot Misses the Net.
14:35 of 3rd period - Slapshot by Connor Carrick.
14:35 of 3rd period - Shot Misses the Net.
14:45 of 3rd period - Wrist shot by Robert Thomas.
14:45 of 3rd period - Stopped by Adin Hill without a rebound.
14:46 of 3rd period - Axel Holmstrom wins face-off versus Drake Caggiula in Eagles zone.
15:01 of 3rd period - Wrist shot by Joseph Blandisi.
15:01 of 3rd period - Shot Blocked by Scott Perunovich.
16:15 of 3rd period - Connor Carrick is hit by Brandon Hagel and loses puck.
16:22 of 3rd period - Snap shot by Brandon Hagel.
16:22 of 3rd period - Deflect By Chris Calhan.
16:22 of 3rd period - Stopped by Adin Hill with a rebound.
16:24 of 3rd period - Wrist shot by Axel Holmstrom.
16:24 of 3rd period - Stopped by Adin Hill with a rebound.
16:26 of 3rd period - Slapshot by Ryan Lindgren.
16:26 of 3rd period - Stopped by Adin Hill without a rebound.
16:27 of 3rd period - Robert Thomas wins face-off versus Tyler Motte in Eagles zone.
16:42 of 3rd period - Tyler Motte is hit by Brandon Hagel and loses puck.
17:15 of 3rd period - Minor Penalty to Joseph Blandisi for Tripping.
17:16 of 3rd period - Axel Holmstrom wins face-off versus Anthony Duclair in Eagles zone.
17:42 of 3rd period - Jonathan Racine is hit by Jeremy Bracco and loses puck.
19:10 of 3rd period - Robert Thomas is hit by Michael Dal Colle and loses puck.
19:15 of 3rd period - Penalty to Joseph Blandisi is over, Joseph Blandisi is back on ice.
19:23 of 3rd period - Eagles, Adin Hill is pulled from the net.
19:29 of 3rd period - Wrist shot by Joseph Blandisi.
19:29 of 3rd period - Shot Misses the Net.
19:31 of 3rd period - Slapshot by Jonathan Racine.
19:31 of 3rd period - Shot Blocked by Maxime Comtois.
19:33 of 3rd period - Snap shot by Anthony Duclair.
19:33 of 3rd period - Stopped by Kaapo Kahkonen with a rebound.
19:35 of 3rd period - Wrist shot by Joseph Blandisi.
19:35 of 3rd period - Stopped by Kaapo Kahkonen with a rebound.
19:37 of 3rd period - Wrist shot by Joseph Blandisi.
19:37 of 3rd period - Goal by Joseph Blandisi - Crunch : 2 - Eagles : 2.
19:37 of 3rd period - Adin Hill from Eagles was sent back in the game.
19:38 of 3rd period - Joe Veleno wins face-off versus Zach Aston-Reese in neutral zone.
Goals for this period are 1 for Crunch vs 1 for Eagles.
Shots for this period are 10 for Crunch vs 9 for Eagles.
Overtime #1
0:01 of 1st overtime period - Robert Thomas wins face-off versus Joseph Blandisi in neutral zone.
0:08 of 1st overtime period - Slapshot by Dalton Thrower.
0:08 of 1st overtime period - Stopped by Adin Hill with a rebound.
0:10 of 1st overtime period - Slapshot by Dalton Thrower.
0:10 of 1st overtime period - Stopped by Adin Hill with a rebound.
0:12 of 1st overtime period - Slapshot by Robert Thomas.
0:12 of 1st overtime period - Shot Blocked by Connor Carrick.
0:14 of 1st overtime period - Wrist shot by Robert Thomas.
0:14 of 1st overtime period - Goal by Robert Thomas - Crunch : 3 - Eagles : 2.
Goals for this period are 1 for Crunch vs 0 for Eagles.
Shots for this period are 3 for Crunch vs 0 for Eagles.
Output by the SimonT Hockey Simulator (STHS) for Francois Prevost